 Dungeon Crawl Stone Soup version 0.29.0-7-g18a832c13a (webtiles) character file.

Game seed: 11731068257101371373

42 billz999 the Sneak (level 3, -3/21 HPs)
             Began as a Vampire Necromancer on Aug 31, 2022.
             Slain by a phantom (5 damage)
             ... on level 6 of the Dungeon.
             The game lasted 00:06:18 (2593 turns).

billz999 the Sneak (Vampire Necromancer)            Turns: 2593, Time: 00:06:18

Health: -3/21      AC:  2    Str:  7    XL:     3   Next: 33%
Magic:  6/6        EV: 12    Int: 19    God:
Gold:   90         SH:  0    Dex: 14    Spells: 5/6 levels left

rFire   . . .      SeeInvis +   n - +2 dagger (speed)
rCold   . . .      Faith    .   (no shield)
rNeg    . . .      Spirit   .   a - +0 robe
rPois   .          Reflect  .   (no helmet)
rElec   .          Harm     .   (no cloak)
rCorr   .          Rampage  .   (no gloves)
Will    .....                   (no boots)
Stlth   +++.......              (no amulet)
HPRegen 0.27/turn               (no ring)
MPRegen 0.10/turn               (no ring)

@: healing quickly
A: alive, fangs 3, see invisible, vampiric 2, [frail 1]
a: Exsanguinate


You were on level 6 of the Dungeon.
You visited 1 branch of the dungeon, and saw 4 of its levels.

You collected 90 gold pieces.

Inventory:

Hand Weapons
 m - a +0 dagger
 n - a +2 dagger of speed (weapon)
Armour
 a - a +0 robe (worn)
Jewellery
 j - a ring of protection from cold
 l - a +6 ring of dexterity
 p - a ring of willpower
Scrolls
 d - a scroll of summoning {unknown}
 e - a scroll of magic mapping {unknown}
 h - 6 scrolls of identify {unknown}
 o - a scroll of poison {unknown}
 r - a scroll of teleportation {unknown}
Potions
 b - a potion of magic
 c - 3 potions of might {unknown}
 f - a potion of invisibility {unknown}
 g - a potion of haste {unknown}
 i - a potion of flight {unknown}
 k - 2 potions of ambrosia {unknown}
 q - a potion of curing {unknown}


   Skills:
 - Level 2.2 Dodging
 + Level 5.9 Stealth
 - Level 2.0 Spellcasting
 - Level 4.4 Necromancy


You had 5 spell levels left.
You knew the following spells:

 Your Spells              Type           Power      Damage    Failure   Level
a - Necrotise             Necr           72%        1d7       2%          1

Your spell library contained the following spells:

 Spells                   Type           Power      Damage    Failure   Level
 Vampiric Draining        Necr           18%        2d7       9%          3
 Animate Dead             Necr           18%        N/A       28%         4
 Dazzling Flash           Conj/Hex       2%         N/A       45%         3
 Agony                    Necr           18%        N/A       61%         5
 Iskenderun's Mystic Bla  Conj/Tloc      1%         2d3       86%         4
 Starburst                Conj/Fire      0%         6d3       100%        6
 Malign Gateway           Summ/Tloc      0%         N/A       100%        7
 Summon Horrible Things   Summ           0%         N/A       100%        8


Dungeon Overview and Level Annotations

Branches:
Dungeon (3/15)

Altars:


Innate Abilities, Weirdness & Mutations

Your natural rate of healing is accelerated.
You have razor-sharp teeth.
You have supernaturally acute eyesight. (SInv)
You are afflicted with vampirism and can become a bat while bloodless.
[You are frail. (-10% HP)]


Message History

Aiming: Necrotise (safe; 2% risk of failure)
Press: ? - help, Shift-Dir - straight line, f/p - kobold
Aim: a kobold, wielding a +0 dagger and quivering stones (severely wounded, chance to affect: 88%)
The kobold writhes in agony.
You kill the kobold!
The dead are walking!
HP restored.
Magic restored.
You now have 90 gold pieces (gained 16).
You swap places.
Your kobold skeleton crumbles into dust!
Found a chain mail.
You see here a +0 chain mail.
A sourceless malevolence fills the Dungeon...
You fall into a shaft and drop 3 floors!
The shaft crumbles and collapses.
Found a quarterstaff.
r - a scroll labelled ZIOMESORCHE You see here a +0 quarterstaff.
A phantom comes into view.
A phantom is nearby!
Found a club.
The phantom hits you.
The phantom blinks!
You blink.
Casting: Necrotise (safe; 2% risk of failure)
Confirm with . or Enter, or press ? or * to list all spells.
You can't see any susceptible monsters within range! (Use Z to cast anyway.) Unknown command.
You hit the phantom but do no damage. The phantom attacks as you move away!
The phantom hits you. The phantom attacks as you move away!
The phantom barely misses you. The phantom attacks as you move away!
The phantom hits you. The phantom attacks as you move away!
The phantom hits you. The phantom attacks as you move away!
The phantom hits you. The phantom attacks as you move away!
The phantom hits you.
* * * LOW HITPOINT WARNING * * *
The phantom attacks as you move away! The phantom hits you.
* * * LOW HITPOINT WARNING * * *
Found a short sword.
The phantom attacks as you move away! The phantom hits you.
You die...

..# ..## #########
...# .).....@#######
..##
#######.W.....#####..#
#######.....#..#
#####.#..# #...)#
####.### #.... #####
#....


You could see a phantom.

Vanquished Creatures
  A worm (D:2)
  2 dart slugs (D:1)
  4 endoplasms
  A giant cockroach (D:1)
  2 goblins (D:2)
  5 hobgoblins
  6 kobolds
  A quokka (D:2)
  3 bats
  2 frilled lizards
  5 rats
32 creatures vanquished.

Vanquished Creatures (collateral kills)
  A ball python (D:1)
1 creature vanquished.

Grand Total: 33 creatures vanquished

Notes
Turn   | Place    | Note
-------+----------+-------------------------------------------
     0 | D:1      | billz999 the Vampire Necromancer began the quest for the
                  | Orb.
     0 | D:1      | Reached XP level 1. HP: 13/13 MP: 3/3
   190 | D:1      | Reached skill level 4 in Stealth
   335 | D:1      | Reached XP level 2. HP: 17/17 MP: 3/5
   761 | D:1      | Found a faded altar of an unknown god.
  1015 | D:1      | Reached skill level 5 in Stealth
  1735 | D:2      | Gained mutation: You are afflicted with vampirism and can
                  | become a bat while bloodless. [Vampire growth]
  1735 | D:2      | Reached XP level 3. HP: 21/21 MP: 1/6
  2550 | D:3      | You fall into a shaft and drop 3 floors!
  2566 | D:6      | Noticed a phantom
  2588 | D:6      | HP: 1/21 [phantom (5)]
  2593 | D:6      | Slain by a phantom

Illustrated notes

Levels and vault maps discovered:
D:1:      dpeg_arrival_oval, layout_loops_corners, ebering_ecumenical_altar_mist
D:2:      layout_basic, grunt_ministairs_10
D:3:      layout_loops_corners, serial_co_window_serial, co_window_paths_b,
          co_window_cross_1, co_window_corner_a, co_window_corner_a,
          co_window_paths_b, co_window_paths_a, co_window_paths_a,
          co_window_corner_b, co_window_cross_3, co_window_of_opportunity_b,
          co_window_corner_ca, glass_columns_c, glass_columns_b,
          glass_columns_b, minmay_misc_feat_more_columns, uniq_robin
D:6:      layout_rooms, serial_shops, shop_coins

Skill      XL: |  1  2 |
---------------+-------+-----
Stealth        | 4 5 |  5.9
Dodging        | |  2.2
Spellcasting   | |  2.0
Necromancy     | |  4.4

Action                   || total
-------------------------++-------
Melee: Unarmed           ||    15
       Bite              ||     4
       Dagger            ||    14
       Punch             ||     1
 Cast: Necrotise         ||    48
 Abil: Exsanguinate      ||     1
       Revivify          ||     1
 Stab: Sleeping          ||     4
Armor: Robe              ||     8
Dodge: Dodged            ||    24
